 Dungeon Crawl Stone Soup version 0.30-a0-439-g9e77e4d916 (webtiles) character file.

Game seed: 5395962256522654242

82 mandoloar the Trooper (level 4, 41/41 HPs)
             Began as a Minotaur Fighter on Nov 13, 2022.
             Quit the game on level 3 of the Dungeon on Dec 10, 2022.
             The game lasted 00:10:14 (1818 turns).

mandoloar the Trooper (Minotaur Fighter)            Turns: 1818, Time: 00:10:14

Health: 41/41      AC: 12    Str: 22    XL:     4   Next: 21%
Magic:  3/3        EV: 22    Int:  5    God:
Gold:   144        SH:  4    Dex:  7    Spells: 3/3 levels left

rFire   + + .      SeeInvis .    s - +8 spear "Deit" {elec, rPois rF+ Will+ Dex-3}
rCold   x . .      Faith    .    c - +0 buckler
rNeg    . . .      Spirit   .    r - +0 chain mail
rPois   +          Reflect  .    (helmet restricted)
rElec   .          Harm     .    m - +0 cloak
rCorr   .          Rampage  .    q - +1 pair of gloves
Will    +....                    (no boots)
Stlth   ..........               l - amulet of the acrobat
HPRegen 0.26/turn                g - ring of fire
MPRegen 0.08/turn                (no ring)

@: acrobatic
A: horns 2, retaliatory headbutt
a: no special abilities


You were on level 3 of the Dungeon.
You visited 1 branch of the dungeon, and saw 3 of its levels.

You collected 144 gold pieces.

Inventory:

Hand Weapons
 a - a +0 war axe
 s - the +8 spear "Deit" (weapon) {elec, rPois rF+ Will+ Dex-3}
   (You found it on level 3 of the Dungeon)

   It occasionally discharges a powerful burst of electricity upon striking a
   foe.
   Dex:       It affects your dexterity (-3).
   rF:        It protects you from fire.
   rPois:     It protects you from poison.
   Will:      It increases your willpower.
Armour
 c - a +0 buckler (worn)
 m - a +0 cloak (worn)
 q - a +1 pair of gloves (worn)
 r - a +0 chain mail (worn)
Jewellery
 g - a ring of fire (left hand)
 l - an amulet of the acrobat (around neck)
Scrolls
 e - 7 scrolls of identify {unknown}
 f - a scroll of blinking {unknown}
 h - 2 scrolls of teleportation {unknown}
 j - a scroll of poison {unknown}
 n - a scroll of immolation {unknown}
Potions
 b - a potion of heal wounds {unknown}
 d - a potion of might
 i - 2 potions of berserk rage {unknown}
 k - 3 potions of curing {unknown}
 o - a potion of degeneration {unknown}
 p - a potion of invisibility {unknown}


   Skills:
 + Level 4.3 Fighting
 + Level 3.6 Axes
 + Level 4.2 Armour
 + Level 0.5 Dodging
 + Level 4.2 Shields


You had 3 spell levels left.
You didn't know any spells.
Your spell library contained the following spells:

 Spells                   Type           Power      Damage    Failure   Level
 Apportation              Tloc           0%         N/A       99%         1
 Necrotise                Necr           0%         1d4       99%         1
 Summon Small Mammal      Summ           0%         N/A       99%         1
 Cigotuvi's Dreadful Rot  Necr/Pois/Air  0%         N/A       100%        2
 Call Canine Familiar     Summ           0%         N/A       100%        3
 Inner Flame              Hex/Fire       0%         N/A       100%        3
 Portal Projectile        Hex/Tloc       0%         N/A       100%        3
 Vampiric Draining        Necr           0%         2d6       100%        3
 Dispel Undead            Necr           0%         3d6       100%        4
 Flame Wave               Conj/Fire      0%         2d4       100%        4
 Leda's Liquefaction      Hex/Erth       0%         N/A       100%        4
 Sticky Flame             Conj/Fire      0%         2d3       100%        4
 Agony                    Necr           0%         N/A       100%        5
 Death Channel            Necr           0%         N/A       100%        6


Dungeon Overview and Level Annotations

Branches:
Dungeon (3/15)

Altars:


Innate Abilities, Weirdness & Mutations

You have a pair of horns on your head.
You reflexively headbutt those who attack you in melee.


Message History

The quokka barely misses you.
You closely miss the quokka. Your headbutt misses the quokka.
The quokka barely misses you.
You barely miss the quokka. Your headbutt misses the quokka.
You block the quokka's attack.
The quokka bites you but does no damage.
You closely miss the quokka. Your headbutt misses the quokka.
You block the quokka's attack. The quokka bites you.
You slash the quokka!
You kill the quokka!
Found a leather armour.
You see here the +8 spear "Deit" {elec, rPois rF+ Will+ Dex-3}.
s - the +8 spear "Deit" {elec, rPois rF+ Will+ Dex-3} You start putting on your amulet.
You continue putting on your amulet of the acrobat. x5
You finish putting on your amulet of the acrobat.
You feel ready to tumble and roll out of harm's way.
l - an amulet of the acrobat (around neck)
You feel clumsy.
You hear the crackle of electricity.
s - the +8 spear "Deit" (weapon)
{elec, rPois rF+ Will+ Dex-3}
i - 2 clear potions (gained 1)
Found an escape hatch in the floor.
You see here a +0 scale mail.
You see here 2 stones.
Found a stone staircase leading down.
An orc comes into view. It is wielding a +0 dagger.
The orc shouts!
You closely miss the orc. You block the orc's attack.
You hit the orc. Your headbutt misses the orc.
The orc is severely wounded.
The orc hits you with a +0 dagger.
You puncture the orc!
You kill the orc!
No target in view!
Done exploring.
Done exploring.
Welcome back, mandoloar the Minotaur Fighter.
Press ? for a list of commands and other information.
Are you sure you want to abandon this character and quit the game? (Confirm with "yes".)

## .# .# .# .# .##
################ ).###
#..............#
....###..............#
................@....#
.........#.........###
.........#.........#
........#..........#
....###............#
.######............#
...................##
######...#..........#
.........#..........#


There were no monsters in sight!

Vanquished Creatures
  Jessica (D:3)
  4 dart slugs
  An orc (D:3)
  3 ball pythons
  A bat (D:1)
  6 endoplasms
  3 giant cockroaches
  4 goblins
  3 hobgoblins
  4 jackals (D:2)
  A quokka (D:3)
  2 frilled lizards
  5 kobolds
  4 rats
42 creatures vanquished.

Notes
Turn   | Place    | Note
-------+----------+-------------------------------------------
     0 | D:1      | mandoloar the Minotaur Fighter began the quest for the Orb.
     0 | D:1      | Reached XP level 1. HP: 19/19 MP: 0/0
   298 | D:1      | Reached XP level 2. HP: 27/27 MP: 1/1
   573 | D:2      | Found a faded altar of an unknown god.
   636 | D:2      | Reached XP level 3. HP: 33/33 MP: 2/2
  1083 | D:3      | Noticed Jessica
  1095 | D:3      | Killed Jessica
  1096 | D:3      | Reached XP level 4. HP: 18/41 MP: 3/3
  1516 | D:3      | Identified the +8 spear "Deit" {elec, rPois rF+ Will+
                  | Dex-3}
  1816 | D:3      | Upgraded the game from 0.30-a0-359-gd0147acb1a to
                  | 0.30-a0-439-g9e77e4d916
  1818 | D:3      | Quit the game

Illustrated notes

Levels and vault maps discovered:
D:1:      dpeg_arrival_shrine, layout_rooms, serial_bayou_pond_d,
          minmay_heptomino_o4
D:2:      layout_basic, hellmonk_ecumenical_altar_dog_temple,
          hangedman_feature_mirror
D:3:      layout_basic, uniq_jessica

Skill      XL: |  1  2  3 |
---------------+----------+-----
Fighting       | 4 |  4.3
Shields        | 4 |  4.2
Armour         | 4 |  4.2
Axes           | 3 |  3.6
Dodging        | |  0.5

Action                   |  1- 3 |  4- 6 || total
-------------------------+-------+-------++-------
Melee: War axe           |    77 |    15 ||    92
       Headbutt          |    10 |     1 ||    11
       Spear             |       |     3 ||     3
Armor: Scale mail        |    47 |     4 ||    51
       Chain mail        |       |     1 ||     1
Dodge: Dodged            |    26 |     8 ||    34
Block: Buckler           |    15 |     5 ||    20

Table legend: (Time is in decaauts)
 A = Elapsed time spent in this place.
 B = Non-inter-level travel time spent in this place.
 C = Inter-level travel time spent in this place.
 D = Time resting spent in this place.
 E = Time spent auto-exploring this place.
 F = Levels seen in this place.
 G = Mean time per level.
                   A        B        C        D        E       F      G
               +--------+--------+--------+--------+--------+-----+--------+
         Total |   1856 |   1840 |     16 |     53 |   1375 |   3 |  618.7 |
       Dungeon |   1856 |   1840 |     16 |     53 |   1375 |   3 |  618.7 |
               +--------+--------+--------+--------+--------+-----+--------+

Top non-repeatable levels by time:
     D:3: 813 daAuts
     D:1: 569 daAuts
     D:2: 473 daAuts
